 Dungeon Crawl Stone Soup version 0.30-a0-900-g23479c02f2 (webtiles) character file.

Game seed: 4816858065890234014

148 cforsyth the Trooper (level 5, -1/55 HPs)
             Began as an Ogre Gladiator on Mar 19, 2023.
             Slain by a gnoll
             ... wielding a +0 halberd
              (11 damage)
             ... on level 3 of the Dungeon.
             The game lasted 00:03:18 (2656 turns).

cforsyth the Trooper (Ogre Gladiator)               Turns: 2656, Time: 00:03:19

Health: -1/55      AC:  3    Str: 20    XL:     5   Next: 30%
Magic:  5/5        EV: 10    Int:  9    God:
Gold:   119        SH:  0    Dex: 10    Spells: 4/4 levels left

rFire   . . .      SeeInvis .    a - +1 war axe
rCold   . . .      Faith    .    (no shield)
rNeg    . . .      Spirit   .    b - +0 robe
rPois   .          Reflect  .    c - +0 hat
rElec   .          Rampage  .    (no cloak)
rCorr   .                        (gloves unavailable)
Will    .....                    (boots unavailable)
Stlth   +                        (no amulet)
HPRegen 0.29/turn                (no ring)
MPRegen 0.09/turn                (no ring)

@: no status effects
A: large, unfitting armour, tough skin 1
a: no special abilities


You were on level 3 of the Dungeon.
You visited 1 branch of the dungeon, and saw 3 of its levels.

You collected 119 gold pieces.

Inventory:

Hand Weapons
 a - a +1 war axe (weapon)
Missiles
 d - 3 throwing nets (quivered)
 e - a large rock
Armour
 b - a +0 robe (worn)
 c - a +0 hat (worn)
Scrolls
 f - a scroll of fog {unknown}
 i - 2 scrolls of enchant armour {unknown}
 k - a scroll of acquirement {unknown}
 p - 2 scrolls of magic mapping
 q - a scroll of identify {unknown}
 s - a scroll of brand weapon {unknown}
Potions
 g - a potion of curing {unknown}
 h - a potion of heal wounds
 j - a potion of brilliance {unknown}
 m - a potion of flight {unknown}
 n - a potion of mutation {unknown}
 r - a potion of degeneration {unknown}
 t - a potion of lignification


   Skills:
 + Level 4.5 Fighting
 + Level 4.1 Axes
 - Level 2.2 Throwing
 + Level 3.7 Dodging


You had 4 spell levels left.
You didn't know any spells.
Your spell library contained the following spells:

 Spells                   Type           Power      Damage    Failure   Level
 Kiss of Death            Conj/Necr      0%         2d5       38%         1
 Confusing Touch          Hex            0%         N/A       77%         3
 Dispel Undead            Necr           0%         3d6       99%         4


Dungeon Overview and Level Annotations

Branches:
Dungeon (3/15)

Altars:

Annotations:
D:3 Grinder


Innate Abilities, Weirdness & Mutations

You are too large for most types of armour.
You have tough skin. (AC +1)


Message History

You hit the ball python.
The ball python is severely wounded.
The ball python bites you. x2
You slash the ball python!
You kill the ball python!
The gnoll misses you.
You barely miss the gnoll.
The gnoll is heavily wounded.
The gnoll closely misses you. The gnoll hits you with a +0 flail.
You hit the gnoll.
The gnoll is almost dead.
The gnoll closely misses you. The gnoll misses you.
The gnoll barely misses you. The gnoll hits you with a +0 flail.
You slash the gnoll!
You kill the gnoll!
The gnoll misses you. The gnoll hits you with a +0 halberd.
Things that are here:
a +0 flail; 6 stones You are too injured to fight recklessly!
You are too injured to fight recklessly!
You are too injured to fight recklessly!
You are too injured to fight recklessly!
You are too injured to fight recklessly!
You are too injured to fight recklessly!
You are too injured to fight recklessly!
You are too injured to fight recklessly!
You are too injured to fight recklessly!
You are too injured to fight recklessly!
You are too injured to fight recklessly!
You are too injured to fight recklessly!
You are too injured to fight recklessly!
You hit the gnoll.
The gnoll is lightly wounded.
The gnoll hits you with a +0 halberd!
* * * LOW HITPOINT WARNING * * *
You slash the gnoll!
The gnoll is severely wounded.
The gnoll hits you with a +0 halberd!
You die...

**** *#..###.........# ,,,*
###,#..#..#...###.# ,,,**
*#..###...###..#**,* ,,,,*
###,#..#..#†.#..#.#*,* ,,,,*
*..###...###...####*,* ,,,,*
*,#.#..#..#..#..#,,,,* ,,,,*
*,#...###...###....,**
,,,,****#*,*,#..#..#..#,.#...*
,,,,**,...,####g@.###...##*..*
,,,,,,,....#.#..#..#..#..#,*#*
******,......).###...###..#*
*,.........#..#..#,###
*,........<..###..#*
**...>........#,###
*.....!.#...#.#*
*.......#####,#
*.......,,,,,,*


You could see a gnoll.

Vanquished Creatures
  3 gnolls
  4 adders
  3 worms
  2 dart slugs (D:1)
  7 bats
  3 endoplasms
  A giant cockroach (D:3)
  5 goblins
  4 hobgoblins
  10 jackals
  5 kobolds
  A quokka (D:1)
  9 ball pythons
  4 frilled lizards
  8 rats
69 creatures vanquished.

Notes
Turn   | Place    | Note
-------+----------+-------------------------------------------
     0 | D:1      | cforsyth the Ogre Gladiator began the quest for the Orb.
     0 | D:1      | Reached XP level 1. HP: 22/22 MP: 1/1
   132 | D:1      | Reached XP level 2. HP: 30/31 MP: 2/2
   672 | D:1      | Reached XP level 3. HP: 37/37 MP: 3/3
  1000 | D:2      | Reached XP level 4. HP: 30/48 MP: 4/4
  2111 | D:3      | Reached XP level 5. HP: 54/54 MP: 5/5
  2279 | D:3      | Noticed Grinder
  2656 | D:3      | Slain by a gnoll

Illustrated notes

Levels and vault maps discovered:
D:1:      dpeg_arrival_tiny_i, layout_basic, minmay_tall_x
D:2:      layout_basic, grunt_decor_resistance
D:3:      layout_basic, kennysheep_doodads, uniq_grinder

Skill      XL: |  1  2  3  4  5 |
---------------+----------------+-----
Fighting       | 3 4 |  4.5
Dodging        | 3 |  3.7
Axes           | 4 |  4.1
Throwing       | |  2.2

Action                     |  1- 3 |  4- 6 || total
---------------------------+-------+-------++-------
  Melee: War axe           |    82 |   112 ||   194
         Punch             |       |     2 ||     2
    Use: Scroll            |       |     3 ||     3
         Potion            |       |     3 ||     3
   Stab: Sleeping          |       |     1 ||     1
 Armour: Robe              |    29 |    39 ||    68
         Skin              |       |     1 ||     1
  Dodge: Dodged            |    56 |    72 ||   128

Table legend: (Time is in decaauts)
 A = Elapsed time spent in this place.
 B = Non-inter-level travel time spent in this place.
 C = Inter-level travel time spent in this place.
 D = Time resting spent in this place.
 E = Time spent auto-exploring this place.
 F = Levels seen in this place.
 G = Mean time per level.
                   A        B        C        D        E       F      G
               +--------+--------+--------+--------+--------+-----+--------+
         Total |   2718 |   2665 |     53 |    251 |   1886 |   3 |  906.0 |
       Dungeon |   2718 |   2665 |     53 |    251 |   1886 |   3 |  906.0 |
               +--------+--------+--------+--------+--------+-----+--------+

Top non-repeatable levels by time:
     D:2: 1250 daAuts
     D:1: 835 daAuts
     D:3: 632 daAuts
